[ AOE2 MATCH · #486387728 ]
UnrankedPersians vs Saracens
[ REPLAY ANALYSIS · EXTRACTED FROM THE RECORDED GAME ]
Feudal
8:49
Castle
18:49
Imperial
—
| APM avg | 64.2 |
| APM peak | 95 |
| eAPM avg | 30.2 |
| Villagers / military | 104 / 33 |
Focus
⚔️ 38.9% · 🌾 61.1%
Knight ×28 · Scout Cavalry ×4 · Monk ×1
Feudal
—
Castle
—
Imperial
—
| APM avg | 44.5 |
| APM peak | 83 |
| eAPM avg | 23.5 |
| Villagers / military | 58 / 0 |
Focus
⚔️ 22.8% · 🌾 77.2%
Feudal
9:48
Castle
23:24
Imperial
—
| APM avg | 26.1 |
| APM peak | 64 |
| eAPM avg | 12.9 |
| Villagers / military | 47 / 36 |
Focus
⚔️ 27.5% · 🌾 72.5%
Archer ×30 · Mameluke ×6
Feudal
8:56
Castle
24:32
Imperial
—
| APM avg | 35.4 |
| APM peak | 70 |
| eAPM avg | 16.1 |
| Villagers / military | 65 / 50 |
Focus
⚔️ 34.9% · 🌾 65.1%
Archer ×50
Feudal
9:53
Castle
—
Imperial
—
| APM avg | 54.1 |
| APM peak | 106 |
| eAPM avg | 17.8 |
| Villagers / military | 52 / 26 |
Focus
⚔️ 12.2% · 🌾 87.8%
Scout Cavalry ×24 · Spearman ×2
Feudal
8:28
Castle
—
Imperial
—
| APM avg | 46.7 |
| APM peak | 88 |
| eAPM avg | 22.2 |
| Villagers / military | 43 / 30 |
Focus
⚔️ 43.6% · 🌾 56.4%
Archer ×30
Match map
Initial resources + every placement click. Lines = walls · curves = elevation contours. ◆ gold · ⬟ stone · ● berries · ✦ relic · ◌ wall gap
Your base· Open — unwalled flank
|FMG| TINCHO's base· Open — 13t gap
[KMNB] Dedão's base· Open — 2t gap
|FMG| twitch/JabsUY's base· Open — 12t gap
[KMNB] Soldado Raso's base· Open — unwalled flank
[KMNB] Galodoido's base· Open — unwalled flank
Smoothed initial terrain · ◌ = detected wall gap · hover for details
Inputs per minute
— FMG | Rxon - - |FMG| TINCHO
Build order — FMG | Rxon
First 150 of 256 actions detected
| 0:00 | Queue | Villager (Male) |
| 0:00 | Queue | Villager (Male) |
| 0:01 | Queue | Villager (Male) |
| 0:01 | Queue | Villager (Male) |
| 0:02 | Build | House |
| 0:03 | Build | House |
| 0:08 | Queue | Villager (Male) |
| 0:09 | Queue | Villager (Male) |
| 1:20 | Queue | Villager (Male) |
| 1:51 | Queue | Villager (Male) |
| 1:51 | Queue | Villager (Male) |
| 2:16 | Queue | Villager (Male) |
| 2:19 | Build | Lumber Camp |
| 2:39 | Queue | Villager (Male) |
| 2:39 | Queue | Villager (Male) |
| 2:56 | Queue | Villager (Male) |
| 3:29 | Queue | Villager (Male) |
| 3:30 | Queue | Villager (Male) |
| 3:41 | Build | House |
| 3:51 | Queue | Villager (Male) |
| 4:21 | Queue | Villager (Male) |
| 4:22 | Queue | Villager (Male) |
| 4:47 | Queue | Villager (Male) |
| 6:01 | Research | Loom |
| 6:07 | Build | Mill |
| 6:44 | Research | Feudal Age |
| 6:46 | Build | Lumber Camp |
| 7:51 | Build | Barracks |
| 8:36 | Queue | Villager (Male) |
| 8:49 | Age | Feudal Age |
| 8:54 | Research | Town Watch |
| 8:56 | Build | House |
| 8:58 | Build | Stable |
| 9:13 | Queue | Villager (Male) |
| 9:14 | Research | Double-Bit Axe |
| 9:39 | Queue | Villager (Male) |
| 9:44 | Queue | Scout Cavalry |
| 10:00 | Queue | Villager (Male) |
| 10:04 | Build | House |
| 10:09 | Queue | Villager (Male) |
| 10:14 | Build | House |
| 10:24 | Queue | Scout Cavalry |
| 10:30 | Queue | Villager (Male) |
| 10:46 | Queue | Villager (Male) |
| 10:48 | Queue | Scout Cavalry |
| 10:56 | Build | House |
| 10:57 | Build | Palisade Wall |
| 11:14 | Queue | Villager (Male) |
| 11:37 | Queue | Villager (Male) |
| 11:44 | Research | Horse Collar |
| 11:44 | Research | Horse Collar |
| 11:45 | Queue | Villager (Male) |
| 11:47 | Build | Farm |
| 11:47 | Build | Farm |
| 11:48 | Build | Farm |
| 11:50 | Build | Farm |
| 11:53 | Build | Farm |
| 12:09 | Build | Farm |
| 12:19 | Build | Palisade Wall |
| 12:22 | Build | Farm |
| 12:22 | Queue | Villager (Male) |
| 12:22 | Queue | Villager (Male) |
| 12:39 | Queue | Scout Cavalry |
| 12:43 | Build | Farm |
| 12:49 | Queue | Villager (Male) |
| 12:54 | Build | Farm |
| 13:02 | Build | Farm |
| 13:22 | Build | Farm |
| 13:26 | Build | Palisade Wall |
| 13:34 | Queue | Villager (Male) |
| 13:54 | Build | Market |
| 13:54 | Queue | Villager (Male) |
| 14:05 | Build | Farm |
| 14:12 | Queue | Villager (Male) |
| 14:29 | Build | Mining Camp |
| 14:35 | Queue | Villager (Male) |
| 14:57 | Build | House |
| 15:12 | Queue | Villager (Male) |
| 15:14 | Build | Farm |
| 15:16 | Build | Farm |
| 15:31 | Queue | Villager (Male) |
| 15:33 | Build | House |
| 15:52 | Queue | Villager (Male) |
| 16:23 | Research | Castle Age |
| 16:37 | Build | Stable |
| 17:10 | Build | Stable |
| 17:18 | Build | House |
| 17:23 | Build | Blacksmith |
| 17:36 | Build | Stable |
| 17:45 | Build | Stable |
| 17:49 | Build | Blacksmith |
| 17:54 | Research | Bloodlines |
| 17:54 | Research | Bloodlines |
| 18:09 | Build | House |
| 18:10 | Build | Palisade Wall |
| 18:12 | Build | House |
| 18:36 | Build | House |
| 18:42 | Queue | Villager (Male) |
| 18:49 | Age | Castle Age |
| 18:50 | Queue | Knight |
| 18:50 | Queue | Knight |
| 18:51 | Research | Scale Barding Armor |
| 18:51 | Research | Scale Barding Armor |
| 19:13 | Build | House |
| 19:19 | Queue | Knight |
| 19:21 | Queue | Villager (Male) |
| 19:33 | Build | House |
| 19:36 | Build | Palisade Wall |
| 19:40 | Queue | Knight |
| 19:41 | Queue | Villager (Male) |
| 19:54 | Queue | Villager (Male) |
| 20:06 | Queue | Villager (Male) |
| 20:11 | Build | Town Center |
| 20:12 | Queue | Villager (Male) |
| 20:13 | Queue | Knight |
| 20:15 | Build | House |
| 20:17 | Queue | Villager (Male) |
| 20:20 | Research | Forging |
| 20:22 | Queue | Knight |
| 20:29 | Research | Bow Saw |
| 20:29 | Research | Bow Saw |
| 20:30 | Queue | Villager (Male) |
| 20:33 | Build | Palisade Gate |
| 20:41 | Build | House |
| 20:43 | Queue | Villager (Male) |
| 20:48 | Queue | Villager (Male) |
| 20:55 | Build | Farm |
| 20:56 | Queue | Villager (Male) |
| 21:06 | Build | Farm |
| 21:07 | Queue | Villager (Male) |
| 21:15 | Build | House |
| 21:16 | Queue | Villager (Male) |
| 21:23 | Queue | Villager (Male) |
| 21:26 | Queue | Knight |
| 21:34 | Queue | Villager (Male) |
| 21:34 | Queue | Villager (Male) |
| 21:49 | Queue | Villager (Male) |
| 21:55 | Build | Farm |
| 21:58 | Build | Farm |
| 21:58 | Queue | Villager (Male) |
| 22:00 | Queue | Knight |
| 22:14 | Queue | Villager (Male) |
| 22:15 | Build | House |
| 22:18 | Queue | Villager (Male) |
| 22:24 | Research | Chain Barding Armor |
| 22:24 | Research | Chain Barding Armor |
| 22:33 | Build | Farm |
| 22:33 | Build | Farm |
| 22:33 | Build | Farm |
| 22:34 | Build | Farm |
Build order — |FMG| TINCHO
89 actions detected in the replay
| 0:00 | Queue | Villager (Male) |
| 0:01 | Queue | Villager (Male) |
| 0:02 | Build | House |
| 0:03 | Build | House |
| 0:07 | Queue | Villager (Male) |
| 0:08 | Queue | Villager (Male) |
| 1:35 | Queue | Villager (Male) |
| 2:01 | Queue | Villager (Male) |
| 2:06 | Queue | Villager (Male) |
| 2:33 | Build | Lumber Camp |
| 2:42 | Queue | Villager (Male) |
| 2:49 | Queue | Villager (Male) |
| 2:49 | Queue | Villager (Male) |
| 3:35 | Queue | Villager (Male) |
| 3:36 | Queue | Villager (Male) |
| 3:36 | Queue | Villager (Male) |
| 3:48 | Build | House |
| 3:58 | Build | House |
| 4:21 | Queue | Villager (Male) |
| 4:27 | Queue | Villager (Male) |
| 5:13 | Queue | Villager (Male) |
| 5:37 | Queue | Villager (Male) |
| 5:37 | Research | Loom |
| 6:04 | Queue | Villager (Male) |
| 6:13 | Queue | Villager (Male) |
| 6:28 | Research | Loom |
| 6:51 | Queue | Villager (Male) |
| 7:14 | Queue | Villager (Male) |
| 7:15 | Build | House |
| 7:33 | Queue | Villager (Male) |
| 8:10 | Queue | Villager (Male) |
| 9:19 | Build | Town Center |
| 9:29 | Build | Mill |
| 9:50 | Queue | Villager (Male) |
| 10:02 | Queue | Villager (Male) |
| 10:15 | Queue | Villager (Male) |
| 10:24 | Queue | Villager (Male) |
| 10:27 | Queue | Villager (Male) |
| 10:33 | Build | House |
| 10:48 | Queue | Villager (Male) |
| 10:57 | Build | Palisade Wall |
| 10:58 | Build | Palisade Wall |
| 11:00 | Build | Palisade Wall |
| 11:19 | Queue | Villager (Male) |
| 12:07 | Queue | Villager (Male) |
| 12:24 | Build | Mill |
| 12:39 | Build | Palisade Wall |
| 12:45 | Queue | Villager (Male) |
| 12:51 | Queue | Villager (Male) |
| 13:41 | Build | House |
| 14:08 | Queue | Villager (Male) |
| 14:09 | Queue | Villager (Male) |
| 14:58 | Queue | Villager (Male) |
| 15:22 | Build | House |
| 15:40 | Build | Farm |
| 15:41 | Build | Farm |
| 15:47 | Build | Farm |
| 15:48 | Build | Farm |
| 15:49 | Queue | Villager (Male) |
| 15:56 | Queue | Villager (Male) |
| 17:05 | Queue | Villager (Male) |
| 17:13 | Queue | Villager (Male) |
| 17:43 | Queue | Villager (Male) |
| 17:56 | Queue | Villager (Male) |
| 18:18 | Queue | Villager (Male) |
| 19:02 | Queue | Villager (Male) |
| 19:39 | Build | House |
| 19:40 | Queue | Villager (Male) |
| 20:23 | Queue | Villager (Male) |
| 20:43 | Build | Farm |
| 20:44 | Build | Farm |
| 20:47 | Build | House |
| 24:31 | Build | Town Center |
| 25:15 | Queue | Villager (Male) |
| 25:17 | Queue | Villager (Male) |
| 25:20 | Queue | Villager (Male) |
| 25:24 | Build | Farm |
| 25:25 | Build | Farm |
| 25:26 | Queue | Villager (Male) |
| 25:33 | Queue | Villager (Male) |
| 25:36 | Queue | Villager (Male) |
| 26:04 | Queue | Villager (Male) |
| 26:15 | Queue | Villager (Male) |
| 26:35 | Queue | Villager (Male) |
| 27:11 | Queue | Villager (Male) |
| 27:22 | Queue | Villager (Male) |
| 28:12 | Queue | Villager (Male) |
| 28:23 | Build | Farm |
| 28:23 | Build | Farm |
Build order — [KMNB] Dedão
First 150 of 152 actions detected
| 0:00 | Queue | Villager (Male) |
| 0:01 | Queue | Villager (Male) |
| 0:01 | Queue | Villager (Male) |
| 0:01 | Queue | Villager (Male) |
| 0:03 | Build | House |
| 0:06 | Build | House |
| 1:33 | Queue | Villager (Male) |
| 1:33 | Queue | Villager (Male) |
| 1:50 | Build | Lumber Camp |
| 2:08 | Build | House |
| 2:31 | Queue | Villager (Male) |
| 2:32 | Queue | Villager (Male) |
| 3:15 | Queue | Villager (Male) |
| 3:51 | Queue | Villager (Male) |
| 3:51 | Queue | Villager (Male) |
| 4:15 | Build | Mill |
| 4:26 | Queue | Villager (Male) |
| 4:50 | Queue | Villager (Male) |
| 4:56 | Build | House |
| 5:23 | Queue | Villager (Male) |
| 5:47 | Queue | Villager (Male) |
| 6:00 | Build | Mining Camp |
| 6:14 | Queue | Villager (Male) |
| 6:27 | Build | Farm |
| 6:44 | Queue | Villager (Male) |
| 7:03 | Research | Loom |
| 7:38 | Research | Feudal Age |
| 8:24 | Build | Barracks |
| 8:54 | Build | Palisade Wall |
| 9:03 | Build | House |
| 9:32 | Queue | Villager (Male) |
| 9:47 | Build | House |
| 9:48 | Age | Feudal Age |
| 9:50 | Build | Palisade Wall |
| 9:54 | Build | Archery Range |
| 9:57 | Research | Double-Bit Axe |
| 10:06 | Build | Farm |
| 10:12 | Build | Farm |
| 10:14 | Queue | Villager (Male) |
| 10:54 | Build | Farm |
| 10:55 | Queue | Archer |
| 11:01 | Build | Archery Range |
| 11:20 | Queue | Villager (Male) |
| 11:21 | Queue | Villager (Male) |
| 11:24 | Build | House |
| 11:27 | Queue | Archer |
| 11:45 | Build | Palisade Gate |
| 11:57 | Queue | Archer |
| 12:00 | Queue | Archer |
| 12:00 | Queue | Archer |
| 12:04 | Queue | Villager (Male) |
| 12:29 | Build | Blacksmith |
| 12:32 | Build | Palisade Wall |
| 12:36 | Queue | Archer |
| 12:36 | Queue | Archer |
| 12:37 | Queue | Villager (Male) |
| 12:42 | Queue | Villager (Male) |
| 12:57 | Build | House |
| 13:07 | Build | Farm |
| 13:11 | Build | Farm |
| 13:15 | Queue | Archer |
| 13:15 | Queue | Archer |
| 13:17 | Research | Fletching |
| 13:36 | Queue | Archer |
| 13:39 | Build | Farm |
| 13:43 | Build | Farm |
| 13:45 | Queue | Villager (Male) |
| 13:54 | Queue | Villager (Male) |
| 14:05 | Queue | Archer |
| 14:06 | Queue | Archer |
| 14:15 | Build | Farm |
| 14:36 | Research | Padded Archer Armor |
| 14:40 | Build | Farm |
| 14:58 | Queue | Archer |
| 14:58 | Queue | Archer |
| 15:03 | Queue | Villager (Male) |
| 15:24 | Queue | Villager (Male) |
| 15:29 | Build | Farm |
| 15:32 | Build | Farm |
| 15:35 | Queue | Archer |
| 15:35 | Queue | Archer |
| 15:40 | Build | House |
| 15:53 | Queue | Villager (Male) |
| 15:57 | Build | Mining Camp |
| 16:07 | Queue | Archer |
| 16:08 | Queue | Archer |
| 16:19 | Build | House |
| 16:23 | Build | House |
| 16:33 | Queue | Villager (Male) |
| 16:34 | Research | Wheelbarrow |
| 16:56 | Build | House |
| 17:10 | Build | Farm |
| 17:10 | Build | Farm |
| 17:12 | Queue | Villager (Male) |
| 17:33 | Queue | Archer |
| 17:33 | Queue | Archer |
| 17:48 | Build | Lumber Camp |
| 18:20 | Queue | Archer |
| 18:20 | Queue | Archer |
| 18:25 | Queue | Villager (Male) |
| 18:50 | Queue | Villager (Male) |
| 19:47 | Queue | Villager (Male) |
| 19:49 | Build | Farm |
| 19:51 | Build | Market |
| 19:56 | Queue | Villager (Male) |
| 19:58 | Queue | Archer |
| 19:58 | Queue | Archer |
| 20:44 | Research | Castle Age |
| 20:44 | Research | Castle Age |
| 20:52 | Build | House |
| 21:02 | Build | Farm |
| 21:57 | Research | Gold Mining |
| 22:00 | Research | Horse Collar |
| 22:58 | Queue | Villager (Male) |
| 23:03 | Build | Farm |
| 23:06 | Research | Stone Mining |
| 23:24 | Age | Castle Age |
| 23:35 | Research | Crossbowman (upgrade) |
| 23:36 | Research | Bodkin Arrow |
| 24:00 | Queue | Villager (Male) |
| 24:00 | Queue | Villager (Male) |
| 24:09 | Build | Castle |
| 24:14 | Queue | Villager (Male) |
| 24:17 | Research | Bow Saw |
| 24:20 | Queue | Villager (Male) |
| 24:45 | Build | Town Center |
| 25:00 | Queue | Villager (Male) |
| 25:26 | Research | Scale Barding Armor |
| 25:38 | Queue | Mameluke |
| 25:39 | Queue | Mameluke |
| 25:59 | Build | Mining Camp |
| 26:03 | Queue | Mameluke |
| 26:08 | Research | Forging |
| 26:16 | Build | Stable |
| 26:26 | Queue | Mameluke |
| 26:33 | Queue | Archer |
| 26:34 | Queue | Archer |
| 26:39 | Queue | Archer |
| 26:40 | Queue | Archer |
| 26:43 | Queue | Villager (Male) |
| 27:14 | Queue | Villager (Male) |
| 27:14 | Queue | Villager (Male) |
| 27:16 | Queue | Archer |
| 27:16 | Queue | Archer |
| 27:17 | Queue | Mameluke |
| 27:18 | Queue | Mameluke |
| 27:39 | Build | Farm |
| 27:43 | Queue | Villager (Male) |
| 28:21 | Queue | Villager (Male) |
| 28:22 | Queue | Villager (Male) |
Build order — |FMG| twitch/JabsUY
First 150 of 194 actions detected
| 0:00 | Queue | Villager (Male) |
| 0:01 | Research | Loom |
| 0:01 | Research | Loom |
| 0:03 | Build | House |
| 0:06 | Build | House |
| 0:22 | Queue | Villager (Male) |
| 0:22 | Queue | Villager (Male) |
| 0:22 | Queue | Villager (Male) |
| 1:38 | Queue | Villager (Male) |
| 1:39 | Queue | Villager (Male) |
| 1:59 | Queue | Villager (Male) |
| 2:00 | Queue | Villager (Male) |
| 2:15 | Queue | Villager (Male) |
| 2:51 | Queue | Villager (Male) |
| 2:51 | Queue | Villager (Male) |
| 3:39 | Queue | Villager (Male) |
| 3:40 | Queue | Villager (Male) |
| 3:57 | Build | House |
| 4:02 | Queue | Villager (Male) |
| 4:02 | Queue | Villager (Male) |
| 4:33 | Queue | Villager (Male) |
| 4:34 | Queue | Villager (Male) |
| 4:35 | Queue | Villager (Male) |
| 4:35 | Queue | Villager (Male) |
| 5:21 | Queue | Villager (Male) |
| 5:22 | Queue | Villager (Male) |
| 6:08 | Build | Mining Camp |
| 6:17 | Build | Lumber Camp |
| 6:46 | Research | Feudal Age |
| 7:57 | Build | House |
| 8:12 | Queue | Villager (Male) |
| 8:32 | Build | Barracks |
| 8:56 | Age | Feudal Age |
| 9:11 | Queue | Villager (Male) |
| 9:15 | Build | Archery Range |
| 9:28 | Queue | Villager (Male) |
| 9:44 | Research | Double-Bit Axe |
| 9:59 | Queue | Villager (Male) |
| 10:05 | Build | House |
| 10:16 | Queue | Archer |
| 10:16 | Queue | Archer |
| 10:27 | Queue | Villager (Male) |
| 10:44 | Queue | Villager (Male) |
| 10:52 | Build | Archery Range |
| 10:58 | Queue | Villager (Male) |
| 11:17 | Queue | Villager (Male) |
| 11:25 | Build | House |
| 11:38 | Queue | Villager (Male) |
| 11:46 | Queue | Archer |
| 11:46 | Queue | Archer |
| 12:06 | Build | House |
| 12:10 | Queue | Archer |
| 12:32 | Build | Blacksmith |
| 12:34 | Queue | Villager (Male) |
| 12:52 | Queue | Villager (Male) |
| 12:56 | Build | House |
| 13:20 | Queue | Villager (Male) |
| 13:24 | Build | House |
| 13:25 | Research | Fletching |
| 13:42 | Build | Lumber Camp |
| 13:45 | Build | House |
| 13:46 | Queue | Villager (Male) |
| 14:07 | Build | House |
| 14:09 | Queue | Villager (Male) |
| 14:22 | Build | Mill |
| 14:45 | Build | House |
| 14:52 | Queue | Villager (Male) |
| 14:54 | Build | Farm |
| 14:54 | Build | Farm |
| 14:54 | Build | Farm |
| 14:55 | Build | Farm |
| 14:55 | Build | Farm |
| 14:55 | Build | Farm |
| 14:55 | Build | Farm |
| 14:55 | Build | Farm |
| 14:56 | Build | Farm |
| 14:56 | Build | Farm |
| 14:56 | Build | Farm |
| 14:56 | Build | Farm |
| 15:03 | Build | Farm |
| 15:37 | Build | Farm |
| 15:39 | Build | Farm |
| 15:45 | Queue | Villager (Male) |
| 15:46 | Queue | Villager (Male) |
| 16:42 | Queue | Villager (Male) |
| 16:56 | Build | Palisade Wall |
| 17:00 | Queue | Villager (Male) |
| 17:18 | Queue | Villager (Male) |
| 17:27 | Build | Palisade Wall |
| 17:37 | Queue | Villager (Male) |
| 17:52 | Build | Watch Tower |
| 17:59 | Build | Market |
| 18:00 | Queue | Villager (Male) |
| 18:02 | Build | Mining Camp |
| 18:37 | Queue | Villager (Male) |
| 18:53 | Build | Watch Tower |
| 18:59 | Build | Farm |
| 19:00 | Build | Farm |
| 19:00 | Build | Farm |
| 19:02 | Build | Farm |
| 19:03 | Queue | Villager (Male) |
| 19:11 | Build | House |
| 19:16 | Build | House |
| 19:21 | Build | House |
| 19:46 | Build | House |
| 19:47 | Queue | Villager (Male) |
| 19:47 | Queue | Villager (Male) |
| 19:50 | Build | Farm |
| 19:51 | Build | Farm |
| 19:52 | Build | Farm |
| 20:11 | Build | House |
| 20:28 | Build | Archery Range |
| 20:30 | Queue | Villager (Male) |
| 20:34 | Build | Farm |
| 20:36 | Build | Farm |
| 20:37 | Research | Horse Collar |
| 20:47 | Queue | Archer |
| 20:48 | Queue | Archer |
| 20:48 | Queue | Archer |
| 20:48 | Queue | Archer |
| 20:49 | Queue | Archer |
| 20:49 | Queue | Archer |
| 20:55 | Queue | Villager (Male) |
| 21:06 | Build | Watch Tower |
| 21:23 | Queue | Villager (Male) |
| 21:34 | Build | House |
| 21:47 | Research | Castle Age |
| 21:52 | Queue | Archer |
| 21:52 | Queue | Archer |
| 22:00 | Build | House |
| 22:02 | Queue | Villager (Male) |
| 22:23 | Research | Padded Archer Armor |
| 22:25 | Queue | Archer |
| 22:25 | Queue | Archer |
| 22:25 | Queue | Archer |
| 22:25 | Queue | Archer |
| 23:02 | Queue | Archer |
| 23:02 | Queue | Archer |
| 23:03 | Queue | Archer |
| 23:05 | Queue | Villager (Male) |
| 23:09 | Research | Gold Mining |
| 24:00 | Queue | Villager (Male) |
| 24:01 | Queue | Villager (Male) |
| 24:01 | Queue | Villager (Male) |
| 24:03 | Queue | Archer |
| 24:03 | Queue | Archer |
| 24:03 | Queue | Archer |
| 24:03 | Queue | Archer |
| 24:32 | Age | Castle Age |
| 24:36 | Research | Crossbowman (upgrade) |
Build order — [KMNB] Soldado Raso
135 actions detected in the replay
| 0:00 | Queue | Villager (Male) |
| 0:01 | Queue | Villager (Male) |
| 0:01 | Queue | Villager (Male) |
| 0:01 | Queue | Villager (Male) |
| 0:02 | Queue | Villager (Male) |
| 0:02 | Queue | Villager (Male) |
| 0:03 | Build | House |
| 0:06 | Build | House |
| 1:26 | Queue | Villager (Male) |
| 1:57 | Build | Lumber Camp |
| 2:20 | Queue | Villager (Male) |
| 2:35 | Queue | Villager (Male) |
| 3:08 | Queue | Villager (Male) |
| 3:33 | Build | House |
| 3:34 | Build | House |
| 3:48 | Queue | Villager (Male) |
| 3:48 | Queue | Villager (Male) |
| 4:37 | Build | Mill |
| 4:45 | Queue | Villager (Male) |
| 4:45 | Queue | Villager (Male) |
| 5:13 | Queue | Villager (Male) |
| 5:37 | Queue | Villager (Male) |
| 6:33 | Research | Loom |
| 7:08 | Build | Lumber Camp |
| 7:43 | Research | Feudal Age |
| 8:17 | Build | Barracks |
| 8:46 | Queue | Villager (Male) |
| 8:46 | Queue | Villager (Male) |
| 8:51 | Build | House |
| 9:53 | Age | Feudal Age |
| 10:02 | Build | Stable |
| 10:14 | Research | Double-Bit Axe |
| 10:18 | Research | Horse Collar |
| 10:19 | Queue | Villager (Male) |
| 10:25 | Queue | Villager (Male) |
| 10:25 | Queue | Villager (Male) |
| 10:29 | Build | Farm |
| 10:31 | Build | Farm |
| 10:33 | Build | Farm |
| 10:38 | Queue | Scout Cavalry |
| 10:52 | Build | Farm |
| 11:24 | Build | Farm |
| 11:26 | Build | Farm |
| 11:27 | Build | Farm |
| 11:29 | Build | Farm |
| 11:30 | Queue | Villager (Male) |
| 11:30 | Queue | Villager (Male) |
| 11:45 | Queue | Villager (Male) |
| 11:57 | Queue | Scout Cavalry |
| 12:12 | Build | Lumber Camp |
| 12:15 | Queue | Scout Cavalry |
| 12:25 | Queue | Villager (Male) |
| 12:44 | Queue | Villager (Male) |
| 12:52 | Build | Farm |
| 13:11 | Queue | Scout Cavalry |
| 13:27 | Queue | Villager (Male) |
| 13:30 | Build | Farm |
| 13:31 | Build | Farm |
| 13:36 | Build | House |
| 13:37 | Build | House |
| 13:48 | Build | Farm |
| 13:54 | Queue | Villager (Male) |
| 14:17 | Build | Market |
| 14:23 | Queue | Scout Cavalry |
| 14:50 | Queue | Scout Cavalry |
| 14:58 | Queue | Villager (Male) |
| 15:05 | Build | Mining Camp |
| 15:09 | Queue | Villager (Male) |
| 15:16 | Queue | Spearman |
| 15:31 | Build | Watch Tower |
| 15:53 | Queue | Scout Cavalry |
| 15:58 | Queue | Scout Cavalry |
| 16:18 | Queue | Scout Cavalry |
| 16:42 | Queue | Scout Cavalry |
| 17:02 | Queue | Villager (Male) |
| 17:02 | Queue | Villager (Male) |
| 17:20 | Queue | Scout Cavalry |
| 17:37 | Build | Farm |
| 17:40 | Build | Farm |
| 17:42 | Build | Farm |
| 17:43 | Build | Farm |
| 17:44 | Queue | Scout Cavalry |
| 18:11 | Queue | Scout Cavalry |
| 18:26 | Queue | Scout Cavalry |
| 18:44 | Queue | Scout Cavalry |
| 18:48 | Queue | Villager (Male) |
| 18:48 | Queue | Villager (Male) |
| 18:49 | Queue | Villager (Male) |
| 18:49 | Queue | Villager (Male) |
| 19:06 | Queue | Scout Cavalry |
| 19:26 | Queue | Scout Cavalry |
| 19:41 | Queue | Scout Cavalry |
| 20:03 | Queue | Villager (Male) |
| 20:03 | Queue | Villager (Male) |
| 20:09 | Build | Farm |
| 20:11 | Queue | Villager (Male) |
| 20:18 | Build | Farm |
| 21:04 | Queue | Villager (Male) |
| 21:22 | Build | House |
| 21:23 | Build | House |
| 21:54 | Queue | Scout Cavalry |
| 21:54 | Queue | Scout Cavalry |
| 22:12 | Queue | Villager (Male) |
| 22:18 | Build | Lumber Camp |
| 22:21 | Queue | Villager (Male) |
| 22:39 | Build | House |
| 22:41 | Build | House |
| 22:48 | Build | House |
| 22:50 | Queue | Spearman |
| 22:51 | Queue | Scout Cavalry |
| 23:05 | Build | House |
| 23:07 | Build | House |
| 23:09 | Build | House |
| 23:15 | Build | House |
| 23:18 | Build | House |
| 23:21 | Build | House |
| 23:23 | Build | House |
| 23:27 | Queue | Scout Cavalry |
| 23:27 | Queue | Scout Cavalry |
| 23:27 | Queue | Scout Cavalry |
| 23:31 | Queue | Villager (Male) |
| 23:50 | Queue | Villager (Male) |
| 24:03 | Build | House |
| 24:05 | Build | House |
| 24:30 | Build | House |
| 25:48 | Build | Mining Camp |
| 25:50 | Queue | Villager (Male) |
| 25:58 | Queue | Villager (Male) |
| 25:58 | Queue | Villager (Male) |
| 25:59 | Queue | Villager (Male) |
| 25:59 | Queue | Villager (Male) |
| 25:59 | Queue | Villager (Male) |
| 25:59 | Queue | Villager (Male) |
| 26:21 | Build | Blacksmith |
| 28:01 | Queue | Villager (Male) |
Build order — [KMNB] Galodoido
112 actions detected in the replay
| 0:00 | Queue | Villager (Male) |
| 0:00 | Queue | Villager (Male) |
| 0:00 | Queue | Villager (Male) |
| 0:02 | Build | House |
| 0:04 | Build | House |
| 0:29 | Queue | Villager (Male) |
| 1:39 | Queue | Villager (Male) |
| 1:40 | Queue | Villager (Male) |
| 2:12 | Build | Lumber Camp |
| 2:21 | Queue | Villager (Male) |
| 2:21 | Queue | Villager (Male) |
| 2:51 | Queue | Villager (Male) |
| 3:21 | Queue | Villager (Male) |
| 3:48 | Build | House |
| 4:00 | Queue | Villager (Male) |
| 4:00 | Queue | Villager (Male) |
| 4:00 | Queue | Villager (Male) |
| 4:48 | Queue | Villager (Male) |
| 5:15 | Queue | Villager (Male) |
| 5:35 | Build | Mining Camp |
| 5:53 | Queue | Villager (Male) |
| 6:18 | Research | Feudal Age |
| 7:03 | Queue | Villager (Male) |
| 7:07 | Research | Loom |
| 7:07 | Queue | Villager (Male) |
| 7:08 | Queue | Villager (Male) |
| 7:32 | Build | House |
| 7:41 | Build | Barracks |
| 8:28 | Age | Feudal Age |
| 8:29 | Queue | Villager (Male) |
| 8:34 | Build | Archery Range |
| 9:22 | Queue | Archer |
| 9:38 | Queue | Archer |
| 9:38 | Queue | Archer |
| 9:56 | Build | Archery Range |
| 10:10 | Queue | Villager (Male) |
| 10:26 | Queue | Archer |
| 10:40 | Queue | Archer |
| 10:43 | Queue | Villager (Male) |
| 10:47 | Build | House |
| 10:49 | Build | House |
| 10:57 | Queue | Villager (Male) |
| 11:27 | Build | House |
| 11:30 | Queue | Villager (Male) |
| 11:35 | Build | House |
| 12:09 | Queue | Archer |
| 12:16 | Queue | Villager (Male) |
| 12:45 | Queue | Villager (Male) |
| 12:59 | Build | House |
| 13:38 | Queue | Villager (Male) |
| 14:02 | Queue | Archer |
| 14:23 | Queue | Villager (Male) |
| 15:17 | Build | House |
| 15:30 | Build | Lumber Camp |
| 15:33 | Queue | Villager (Male) |
| 16:52 | Build | Watch Tower |
| 18:37 | Queue | Archer |
| 18:37 | Queue | Archer |
| 18:38 | Queue | Archer |
| 18:38 | Queue | Archer |
| 19:00 | Queue | Archer |
| 19:01 | Queue | Archer |
| 20:01 | Build | Town Center |
| 20:29 | Build | Blacksmith |
| 20:50 | Queue | Archer |
| 20:50 | Queue | Archer |
| 21:25 | Build | Mill |
| 21:59 | Build | Farm |
| 22:00 | Build | Farm |
| 22:02 | Build | Farm |
| 22:05 | Build | Farm |
| 22:07 | Build | Farm |
| 22:09 | Build | Farm |
| 22:18 | Build | House |
| 22:56 | Queue | Archer |
| 22:56 | Queue | Archer |
| 23:03 | Queue | Villager (Male) |
| 23:08 | Build | Farm |
| 23:13 | Build | Farm |
| 23:18 | Build | Farm |
| 23:20 | Build | Farm |
| 23:22 | Queue | Archer |
| 23:47 | Queue | Archer |
| 23:47 | Queue | Archer |
| 23:52 | Queue | Archer |
| 23:53 | Queue | Villager (Male) |
| 23:55 | Queue | Villager (Male) |
| 24:02 | Build | Farm |
| 24:31 | Build | Archery Range |
| 24:58 | Queue | Archer |
| 24:59 | Queue | Archer |
| 25:00 | Queue | Villager (Male) |
| 25:01 | Queue | Villager (Male) |
| 25:18 | Queue | Villager (Male) |
| 25:23 | Research | Double-Bit Axe |
| 25:24 | Queue | Archer |
| 25:25 | Queue | Archer |
| 25:28 | Research | Fletching |
| 25:30 | Queue | Archer |
| 25:37 | Queue | Villager (Male) |
| 25:43 | Queue | Villager (Male) |
| 25:55 | Queue | Villager (Male) |
| 26:19 | Queue | Archer |
| 26:19 | Queue | Archer |
| 26:20 | Queue | Villager (Male) |
| 26:32 | Build | Lumber Camp |
| 26:39 | Queue | Villager (Male) |
| 26:42 | Queue | Archer |
| 26:42 | Queue | Archer |
| 27:14 | Queue | Villager (Male) |
| 28:46 | Queue | Villager (Male) |
| 29:00 | Queue | Villager (Male) |
Match timeline
| 7:41 | [KMNB] Galodoido · first_building Barracks |
| 7:51 | FMG | Rxon · first_building Barracks |
| 8:17 | [KMNB] Soldado Raso · first_building Barracks |
| 8:24 | [KMNB] Dedão · first_building Barracks |
| 8:28 | [KMNB] Galodoido · age_up feudal |
| 8:32 | |FMG| twitch/JabsUY · first_building Barracks |
| 8:34 | [KMNB] Galodoido · first_building Archery Range |
| 8:49 | FMG | Rxon · age_up feudal |
| 8:54 | [KMNB] Dedão · wall_segment Palisade Wall x3 |
| 8:56 | |FMG| twitch/JabsUY · age_up feudal |
| 8:58 | FMG | Rxon · first_building Stable |
| 9:15 | |FMG| twitch/JabsUY · first_building Archery Range |
| 9:48 | [KMNB] Dedão · age_up feudal |
| 9:50 | [KMNB] Dedão · wall_segment Palisade Wall x5 |
| 9:53 | [KMNB] Soldado Raso · age_up feudal |
| 9:54 | [KMNB] Dedão · first_building Archery Range |
| 10:02 | [KMNB] Soldado Raso · first_building Stable |
| 10:57 | |FMG| TINCHO · wall_segment Palisade Wall x2 |
| 10:57 | FMG | Rxon · wall_segment Palisade Wall x1 |
| 10:58 | |FMG| TINCHO · wall_segment Palisade Wall x6 |
| 11:00 | |FMG| TINCHO · wall_segment Palisade Wall x5 |
| 12:19 | FMG | Rxon · wall_segment Palisade Wall x5 |
| 12:32 | [KMNB] Dedão · wall_segment Palisade Wall x1 |
| 12:39 | |FMG| TINCHO · wall_segment Palisade Wall x1 |
| 13:26 | FMG | Rxon · wall_segment Palisade Wall x1 |
| 15:45 | FMG | Rxon · first_market_sell 100 wood |
| 15:52 | [KMNB] Soldado Raso · tribute_sent a jugador 1 |
| 15:52 | [KMNB] Soldado Raso · tribute_sent a jugador 2 |
| 15:52 | [KMNB] Soldado Raso · tribute_sent a jugador 3 |
| 15:52 | [KMNB] Soldado Raso · tribute_sent a jugador 5 |
| 15:52 | [KMNB] Soldado Raso · tribute_sent a jugador 6 |
| 16:56 | |FMG| twitch/JabsUY · wall_segment Palisade Wall x1 |
| 17:27 | |FMG| twitch/JabsUY · wall_segment Palisade Wall x1 |
| 17:58 | [KMNB] Soldado Raso · tribute_sent a jugador 1 |
| 17:58 | [KMNB] Soldado Raso · tribute_sent a jugador 2 |
| 17:58 | [KMNB] Soldado Raso · tribute_sent a jugador 3 |
| 17:58 | [KMNB] Soldado Raso · tribute_sent a jugador 5 |
| 17:58 | [KMNB] Soldado Raso · tribute_sent a jugador 6 |
| 18:10 | FMG | Rxon · wall_segment Palisade Wall x2 |
| 18:16 | [KMNB] Soldado Raso · first_market_buy 500 wood |
| 18:22 | [KMNB] Soldado Raso · tribute_sent a jugador 1 |
| 18:22 | [KMNB] Soldado Raso · tribute_sent a jugador 2 |
| 18:22 | [KMNB] Soldado Raso · tribute_sent a jugador 3 |
| 18:22 | [KMNB] Soldado Raso · tribute_sent a jugador 5 |
| 18:22 | [KMNB] Soldado Raso · tribute_sent a jugador 6 |
| 18:42 | |FMG| twitch/JabsUY · first_market_buy 100 food |
| 18:49 | FMG | Rxon · age_up castle |
| 19:05 | [KMNB] Soldado Raso · tribute_sent a jugador 1 |
| 19:05 | [KMNB] Soldado Raso · tribute_sent a jugador 2 |
| 19:05 | [KMNB] Soldado Raso · tribute_sent a jugador 3 |
| 19:05 | [KMNB] Soldado Raso · tribute_sent a jugador 5 |
| 19:05 | [KMNB] Soldado Raso · tribute_sent a jugador 6 |
| 19:26 | [KMNB] Soldado Raso · tribute_sent a jugador 1 |
| 19:26 | [KMNB] Soldado Raso · tribute_sent a jugador 2 |
| 19:26 | [KMNB] Soldado Raso · tribute_sent a jugador 3 |
| 19:26 | [KMNB] Soldado Raso · tribute_sent a jugador 5 |
| 19:26 | [KMNB] Soldado Raso · tribute_sent a jugador 6 |
| 19:36 | FMG | Rxon · wall_segment Palisade Wall x1 |
| 19:56 | [KMNB] Soldado Raso · tribute_sent a jugador 1 |
| 19:56 | [KMNB] Soldado Raso · tribute_sent a jugador 2 |
| 19:56 | [KMNB] Soldado Raso · tribute_sent a jugador 3 |
| 19:56 | [KMNB] Soldado Raso · tribute_sent a jugador 5 |
| 19:56 | [KMNB] Soldado Raso · tribute_sent a jugador 6 |
| 21:02 | FMG | Rxon · first_market_buy 100 wood |
| 21:26 | |FMG| twitch/JabsUY · first_market_sell 100 wood |
| 23:24 | [KMNB] Dedão · age_up castle |
| 24:09 | [KMNB] Dedão · first_building Castle |
| 24:32 | |FMG| twitch/JabsUY · age_up castle |
| 24:42 | [KMNB] Dedão · first_market_buy 100 stone |
| 26:16 | [KMNB] Dedão · first_building Stable |
| 27:33 | FMG | Rxon · first_building Monastery |
| 29:12 | [KMNB] Galodoido · resign |
[ AI ANALYSIS · 1 CREDIT ]
What really happened in this match?
Wolo.gg analyzes every decision: build order, eco, micro, common mistakes by bracket. Personalized analysis on WhatsApp or Discord in 30 seconds.
Civ guide
Persians
Perfil
Jugador #1780624